 Dungeon Crawl Stone Soup version 0.26-a0-639-g72c4674329 (webtiles) character file.

Game seed: 14874553848789261792

340 Borgoz the Skirmisher (level 6, -3/60 HPs)
             Began as a Gargoyle Berserker on Sept 18, 2020.
             Was a Priest of Trog.
             Slain by an ogre
             ... wielding a +0 giant club
              (24 damage)
             ... on level 5 of the Dungeon.
             The game lasted 00:04:23 (2932 turns).

Borgoz the Skirmisher (Gargoyle Berserker)          Turns: 2932, Time: 00:04:23

Health: -3/60      AC:  7    Str: 20    XL:     6   Next: 56%
Magic:  6/6        EV: 12    Int:  8    God:    Trog [***...]
Gold:   155        SH:  0    Dex: 11    Spells: 5/5 levels left

rFire    + . .     SeeInvis .   b - +2 whip (venom)
rCold    . . .     Faith    .   (no shield)
rNeg     + . .     Spirit   .   n - +0 leather armour {rF+}
rPois    ∞         Reflect  .   (no helmet)
rElec    +         Harm     .   (no cloak)
rCorr    .         Rampage  .   (no gloves)
MR       +++..                  (no boots)
Stlth    ..........             (no amulet)
HPRegen  1.20/turn              d - ring of protection from magic
MPRegen  0.10/turn              (no ring)

@: berserking (expiring), regenerating, very quick
A: negative energy resistance 1, electricity resistance, unbreathing,
petrification resistance, rot immunity, AC +4
a: Berserk, Trog's Hand, Renounce Religion


You were on level 5 of the Dungeon.
You worshipped Trog.
Trog was most pleased with you.
You visited 1 branch of the dungeon, and saw 5 of its levels.

You collected 155 gold pieces.

Inventory:

Hand Weapons
 a - a +0 mace
 b - a +2 whip of venom (weapon)
Missiles
 g - 2 throwing nets (quivered)
Armour
 n - a +0 leather armour of fire resistance (worn)
Jewellery
 d - a ring of protection from magic (left hand)
Wands
 e - a wand of enslavement (7)
Scrolls
 h - a scroll of noise {unknown}
 i - a scroll of fog
 j - a scroll of enchant armour
 l - a scroll of teleportation
 m - a scroll of magic mapping
Potions
 f - 3 potions of haste
 k - 2 potions of curing


   Skills:
 + Level 4.8 Fighting
 + Level 4.3 Maces & Flails
 + Level 4.1 Armour
 + Level 3.0 Dodging


You had 5 spell levels left.
You didn't know any spells.
Your spell library was empty.

Dungeon Overview and Level Annotations

Branches:
Dungeon (4/15)
 Temple: D:4-7

Altars:
Okawaru
Trog


Innate Abilities, Weirdness & Mutations

You are resistant to torment.
Your stone body is resilient. (AC +4)
You are immune to poison.
You resist negative energy. (rN+)
You are resistant to electric shocks. (rElec)
You can survive without breathing.
You are immune to petrification.
You are immune to rotting.


Message History

Trog accepts your kill.
You hit the orc but do no damage.
The orc is poisoned.
The orc closely misses you.
You closely miss the orc.
The orc is moderately wounded.
The orc barely misses you.
You closely miss the orc.
The orc is moderately wounded.
A red film seems to cover your vision as you go berserk!
You feel yourself moving faster!
You feel mighty! The orc closely misses you.
You barely miss the orc.
The orc is heavily wounded.
The orc barely misses you.
You closely miss the orc.
The orc is heavily wounded.
You hit the orc.
You kill the orc!
Trog accepts your kill.
The ogre hits you with a +0 giant club!!
You die...

..##..###.##.....##
........##..........#
.. ...#...###..[.......
..##. ##.....[........#
##...####......##......
. #.....# #..##..#
...##. ..
......####..#.## ...#
... ##....###....###
...#
....#....>.##@#......
..# #..........O..##...
... #..........#### ..
#...........# .
.............##
.............#
..............#
(...#........#..
..####.......#...


You could see an ogre.

Vanquished Creatures
  A centaur (D:5)
  2 centaur skeletons
  A gnoll shaman (D:5)
  An iguana (D:5)
  3 adders (D:2)
  2 gnolls (D:5)
  An ufetubus (D:5)
  An ooze (D:3)
  2 worms (D:3)
  A dart slug (D:3)
  2 leopard geckos (D:3)
  7 orcs
  4 bats
  7 giant cockroaches
  10 goblins
  12 hobgoblins
  2 jackals (D:4)
  8 kobolds
  2 quokkas
  2 ball pythons
  A frilled lizard (D:1)
  6 rats
78 creatures vanquished.

Vanquished Creatures (others)
  A goblin (D:3)
1 creature vanquished.

Grand Total: 79 creatures vanquished

Notes
Turn   | Place    | Note
-------+----------+-------------------------------------------
     0 | D:1      | Borgoz the Gargoyle Berserker began the quest for the Orb.
     0 | D:1      | Reached XP level 1. HP: 14/14 MP: 1/1
   163 | D:1      | Reached XP level 2. HP: 18/19 MP: 2/2
   747 | D:1      | Reached XP level 3. HP: 23/23 MP: 3/3
   880 | D:2      | Reached ** piety under Trog
  1223 | D:2      | Found an iron altar of Okawaru.
  1240 | D:2      | Reached XP level 4. HP: 26/29 MP: 4/4
  2306 | D:3      | Found a bloodstained altar of Trog.
  2320 | D:3      | Reached XP level 5. HP: 33/33 MP: 5/5
  2328 | D:3      | Reached *** piety under Trog
  2662 | D:4      | You fall into a shaft and drop 1 floor!
  2662 | D:5      | Entered Level 5 of the Dungeon
  2665 | D:5      | Noticed a centaur
  2674 | D:5      | Killed a centaur
  2674 | D:5      | Reached XP level 6. HP: 22/39 MP: 6/6
  2932 | D:5      | Slain by an ogre

Illustrated notes

Levels and vault maps discovered:
D:1:      minmay_arrival_split_and_join, layout_loops_ring, minmay_distorted
D:2:      layout_rooms, okawaru_ov_weapons_minmay
D:3:      layout_rooms, trog_hazing_becter
D:4:      layout_loops_ring, nicolae_ru_the_path_less_chosen,
          nemelex_spade_bored_becter, uniq_pikel
D:5:      layout_cave_pools, minmay_temple_entry_overgrown, uniq_prince_ribbit1

Skill      XL: |  1  2  3  4  5  6 |
---------------+-------------------+-----
Dodging        | 2 3 |  3.0
Armour         | 3 4 |  4.1
Fighting       | 4 |  4.8
Maces & Flails | 4 |  4.3

Action                   |  1- 3 |  4- 6 || total
-------------------------+-------+-------++-------
Melee: Mace              |    99 |    98 ||   197
       Whip              |       |    84 ||    84
Invok: Berserk           |       |     1 ||     1
       Trog's Hand       |       |     1 ||     1
  Use: Scroll            |       |    13 ||    13
       Potion            |       |     1 ||     1
Armor: Animal skin       |    40 |     2 ||    42
       Leather armour    |       |    69 ||    69
Dodge: Dodged            |    58 |   144 ||   202

Table legend: (Time is in decaauts)
 A = Elapsed time spent in this place.
 B = Non-inter-level travel time spent in this place.
 C = Inter-level travel time spent in this place.
 D = Time resting spent in this place.
 E = Time spent auto-exploring this place.
 F = Levels seen in this place.
 G = Mean time per level.
                   A        B        C        D        E       F      G
               +--------+--------+--------+--------+--------+-----+--------+
         Total |   2965 |   2819 |    146 |    357 |   1822 |   5 |  593.0 |
       Dungeon |   2965 |   2819 |    146 |    357 |   1822 |   5 |  593.0 |
               +--------+--------+--------+--------+--------+-----+--------+

Top non-repeatable levels by time:
     D:1: 890 daAuts
     D:3: 837 daAuts
     D:2: 820 daAuts
     D:5: 264 daAuts
     D:4: 153 daAuts
